NYP
MAHONING VALLEY SCRAPPERS @ LOS ANGELES (NYP) ANGELS
07/17/2044
 
TOP OF THE 1ST
Mahoning Valley Scrappers batting - Pitching for Los Angeles (NYP) Angels : RHP Cal Abbott
Pitching: RHP Cal Abbott
Batting: RHB Ricky Cordova 0-0: Foul Ball, location: 2F
0-1: Ball
1-1: Ball
2-1: Called Strike
2-2: Foul Ball, location: 2F
2-2: Foul Ball, location: 2F
2-2: Foul Ball, location: 2F
2-2: Ground out 5-3 (Groundball, 25, EV 84.4 MPH)
Batting: RHB Jeremy Givens 0-0: DOUBLE (Line Drive, 8LD, EV 110.6 MPH)
Batting: RHB Ryan Gautney 0-0: Called Strike
0-1: Foul Ball, location: 2F
0-2: Ball
1-2: Ball
2-2: Ground out 3-1 (Groundball, 34, EV 86.9 MPH)
Jeremy Givens to third
Batting: LHB Devon Grant 0-0: Called Strike
0-1: Ground out 4-3 (Groundball, 4, EV 85.6 MPH)
Top of the 1st over - 0 runs, 1 hit, 0 errors, 1 left on base; Mahoning Valley 0 - Los Angeles (NYP) 0
BOTTOM OF THE 1ST
Los Angeles (NYP) Angels batting - Pitching for Mahoning Valley Scrappers : RHP Victor Amador
Pitching: RHP Victor Amador
Batting: RHB Randy Grewe 0-0: Ball
1-0: Called Strike
1-1: Foul Ball, location: 2F
1-2: Ball
2-2: SINGLE (Groundball, 6D, EV 109.4 MPH)
Batting: RHB Jeff Long 0-0: Called Strike
0-1: Ball
1-1: Ball
2-1: Fielders Choice at 2nd, 6-4 (Groundball, 6, EV 93.1 MPH)
Batting: RHB Jon Griffin 0-0: Ball
Jeff Long steals 2nd, throwing error, E2
Jeff Long to third
1-0: Ground out 6-3 (Groundball, 6, EV 79.4 MPH)
Jeff Long scores
Batting: RHB John Beddow 0-0: SINGLE (Groundball, 6MD, EV 98.8 MPH)
Batting: RHB Tsega Haida 0-0: Ball
1-0: Ball
2-0: Ball
3-0: Base on Balls
John Beddow to second
Batting: RHB Jason Habeck 0-0: Foul Ball, location: 2F
0-1: Hit by Pitch
John Beddow to third
Tsega Haida to second
Batting: RHB Steve Hughey 0-0: SINGLE (Groundball, 56D, EV 94.4 MPH)
John Beddow scores
Tsega Haida to third
Jason Habeck to second
Runner from 3rd tries for Home, throw by LF and OUT! 7-2
Bottom of the 1st over - 2 runs, 3 hits, 1 error, 2 left on base; Mahoning Valley 0 - Los Angeles (NYP) 2
TOP OF THE 2ND
Mahoning Valley Scrappers batting - Pitching for Los Angeles (NYP) Angels : RHP Cal Abbott
Batting: RHB Andy Lewis 0-0: Called Strike
0-1: Called Strike
0-2: Foul Ball, location: 2F
0-2: Strikes out swinging
Batting: RHB Blake Kelly 0-0: Ball
1-0: Called Strike
1-1: Ball
2-1: Fly out, F7 (Flyball, 7LS, EV 91.9 MPH)
Batting: RHB Gashie Chimsima 0-0: Ball
1-0: Called Strike
1-1: Ball
2-1: Reached on error, E4 (Groundball, 4, EV 82.5 MPH)
Batting: RHB Tetsuhiro Taki 0-0: Called Strike
Gashie Chimsima steals 2nd base
0-1: Ball
1-1: Foul Ball, location: 2F
1-2: Foul Ball, location: 2F
1-2: Ball
2-2: Ball
3-2: SINGLE (Groundball, 6D, EV 102.5 MPH)
Gashie Chimsima to third
Runner from 3rd tries for Home, SAFE, throw by CF to home
Batting: LHB Tom Bemis 0-0: Ball
Tetsuhiro Taki is caught stealing 2nd base 2-6
Top of the 2nd over - 1 run, 1 hit, 1 error, 0 left on base; Mahoning Valley 1 - Los Angeles (NYP) 2
BOTTOM OF THE 2ND
Los Angeles (NYP) Angels batting - Pitching for Mahoning Valley Scrappers : RHP Victor Amador
Batting: RHB David Kunze 0-0: Ball
1-0: Fly out, F9 (Flyball, 89D, EV 103.1 MPH)
Batting: RHB Zach Robbins 0-0: Ball
1-0: Ball
2-0: Ground out 5-3 (Groundball, 56, EV 83.8 MPH)
Batting: RHB Randy Grewe 0-0: Called Strike
0-1: Ball
1-1: Called Strike
1-2: Ball
2-2: Foul Ball, location: 2F
2-2: Strikes out looking
Bottom of the 2nd over - 0 runs, 0 hits, 0 errors, 0 left on base; Mahoning Valley 1 - Los Angeles (NYP) 2
TOP OF THE 3RD
Mahoning Valley Scrappers batting - Pitching for Los Angeles (NYP) Angels : RHP Cal Abbott
Batting: LHB Tom Bemis 0-0: Called Strike
0-1: Called Strike
0-2: DOUBLE (Line Drive, 89D, EV 110.6 MPH)
Batting: RHB Ricky Cordova 0-0: Called Strike
0-1: Fly out, F8 (Flyball, 8RXD, EV 93.8 MPH)
Runner from 2nd tags up, SAFE at 3rd, no throw by CF
Batting: RHB Jeremy Givens 0-0: Ball
1-0: Ball
2-0: Ball
3-0: Called Strike
3-1: Ground out 6-3 (Groundball, 6, EV 108.8 MPH)
Tom Bemis scores
Batting: RHB Ryan Gautney 0-0: Ball
1-0: Ball
2-0: Called Strike
2-1: SINGLE (Groundball, 56D, EV 108.1 MPH)
Batting: LHB Devon Grant 0-0: Foul Ball, location: 2F
0-1: Ball
1-1: Called Strike
1-2: Strikes out swinging
Top of the 3rd over - 1 run, 2 hits, 0 errors, 1 left on base; Mahoning Valley 2 - Los Angeles (NYP) 2
BOTTOM OF THE 3RD
Los Angeles (NYP) Angels batting - Pitching for Mahoning Valley Scrappers : RHP Victor Amador
Batting: RHB Jeff Long 0-0: Ball
1-0: DOUBLE (Line Drive, 9LS, EV 92.5 MPH)
Batting: RHB Jon Griffin 0-0: Ball
1-0: Ball
Jeff Long steals 3rd base
2-0: Called Strike
2-1: SINGLE (Groundball, 6MD, EV 104.4 MPH)
Jeff Long scores
Batting: RHB John Beddow 0-0: Ball
1-0: Foul Ball, location: 2F
1-1: Foul Ball, location: 2F
1-2: Ball
2-2: Foul Ball, location: 2F
2-2: Ball
Jon Griffin steals 2nd base
3-2: SINGLE (Line Drive, 6D, EV 106.2 MPH)
Jon Griffin to third
Runner from 3rd tries for Home, SAFE, throw by CF to home
Batting: RHB Tsega Haida 0-0: DOUBLE (Line Drive, 89XD, EV 98.1 MPH)
John Beddow to third
Runner from 3rd tries for Home, SAFE, no throw by RF
Batting: RHB Jason Habeck 0-0: Ball
1-0: Ground out 6-3 (Groundball, 6, EV 100.0 MPH)
Batting: RHB Steve Hughey 0-0: Hit by Pitch
Pitching: RHP Jeff Degel
Batting: RHB David Kunze Balk!
Tsega Haida to third
Steve Hughey to second
0-0: Ball
1-0: Foul Ball, location: 2F
1-1: Called Strike
1-2: Fly out, F9 (Flyball, 9, EV 90.6 MPH)
Batting: RHB Zach Robbins 0-0: Called Strike
0-1: Ground out 1-3 (Groundball, 34S, EV 67.5 MPH)
Bottom of the 3rd over - 3 runs, 4 hits, 0 errors, 2 left on base; Mahoning Valley 2 - Los Angeles (NYP) 5
TOP OF THE 4TH
Mahoning Valley Scrappers batting - Pitching for Los Angeles (NYP) Angels : RHP Cal Abbott
Batting: RHB Andy Lewis 0-0: Ground out 6-3 (Groundball, 6, EV 77.5 MPH)
Batting: RHB Blake Kelly 0-0: Called Strike
0-1: Ball
1-1: Called Strike
1-2: Strikes out looking
Batting: RHB Gashie Chimsima 0-0: Ground out U3 (Groundball, 13, EV 85.0 MPH)
Top of the 4th over - 0 runs, 0 hits, 0 errors, 0 left on base; Mahoning Valley 2 - Los Angeles (NYP) 5
BOTTOM OF THE 4TH
Los Angeles (NYP) Angels batting - Pitching for Mahoning Valley Scrappers : RHP Jeff Degel
Batting: RHB Randy Grewe 0-0: Ground out 5-3 (Groundball, 56, EV 103.1 MPH)
Batting: RHB Jeff Long 0-0: Ball
1-0: Ball
2-0: Called Strike
2-1: Foul Ball, location: 2F
2-2: Ball
3-2: TRIPLE (Flyball, 89XD, EV 108.1 MPH)
Batting: RHB Jon Griffin 0-0: Foul Ball, location: 2F
0-1: Ball
1-1: Swinging Strike
1-2: Foul Ball, location: 2F
1-2: Strikes out swinging
Batting: RHB John Beddow 0-0: Ground out 5-3 (Groundball, 15, EV 81.2 MPH)
Bottom of the 4th over - 0 runs, 1 hit, 0 errors, 1 left on base; Mahoning Valley 2 - Los Angeles (NYP) 5
TOP OF THE 5TH
Mahoning Valley Scrappers batting - Pitching for Los Angeles (NYP) Angels : RHP Cal Abbott
Batting: RHB Tetsuhiro Taki 0-0: Foul Ball, location: 2F
0-1: Ball
1-1: Foul Ball, location: 2F
1-2: Ball
2-2: Strikes out swinging
Batting: LHB Tom Bemis 0-0: Ball
1-0: Called Strike
1-1: Foul Ball, location: 2F
1-2: Ball
2-2: Ball
3-2: Base on Balls
Batting: RHB Ricky Cordova 0-0: Called Strike
0-1: Ball
1-1: Fly out, F7 (Flyball, 7S, EV 89.4 MPH)
Batting: RHB Jeremy Givens 0-0: Ball
1-0: Foul Ball, location: 2F
1-1: Ball
2-1: Ball
3-1: Fielders Choice at 2nd, 6-4 (Groundball, 6, EV 90.0 MPH)
Top of the 5th over - 0 runs, 0 hits, 0 errors, 1 left on base; Mahoning Valley 2 - Los Angeles (NYP) 5
BOTTOM OF THE 5TH
Los Angeles (NYP) Angels batting - Pitching for Mahoning Valley Scrappers : RHP Jeff Degel
Batting: RHB Tsega Haida 0-0: Swinging Strike
0-1: Fly out, F8 (Flyball, 8LD, EV 95.0 MPH)
Batting: RHB Jason Habeck 0-0: Called Strike
0-1: Ball
1-1: Ball
2-1: Called Strike
2-2: Strikes out swinging
Batting: RHB Steve Hughey 0-0: Ball
1-0: Ball
2-0: Foul Ball, location: 2F
2-1: Ball
3-1: Base on Balls
Batting: RHB David Kunze 0-0: Swinging Strike
0-1: Foul Ball, location: 2F
0-2: Foul Ball, location: 2F
0-2: Foul Ball, location: 2F
0-2: Ball
Passed Ball!
Steve Hughey to second
1-2: Ball
2-2: Foul Ball, location: 2F
2-2: Fly out, F8 (Flyball, 78D, EV 78.1 MPH)
Bottom of the 5th over - 0 runs, 0 hits, 0 errors, 1 left on base; Mahoning Valley 2 - Los Angeles (NYP) 5
TOP OF THE 6TH
Mahoning Valley Scrappers batting - Pitching for Los Angeles (NYP) Angels : RHP Cal Abbott
Batting: RHB Ryan Gautney 0-0: Called Strike
0-1: Called Strike
0-2: Foul Ball, location: 2F
0-2: Ball
1-2: Foul Ball, location: 2F
1-2: Foul Ball, location: 2F
1-2: SINGLE (Groundball, 6S, EV 71.9 MPH) (infield hit)
Pitching: LHP Alex Pulido
Batting: LHB Devon Grant 0-0: Ball
1-0: Swinging Strike
1-1: Called Strike
1-2: Foul Ball, location: 2F
1-2: Fielders Choice at 2nd, 6-4 (Groundball, 6M, EV 98.8 MPH)
Batting: RHB Andy Lewis 0-0: Called Strike
0-1: Ball
1-1: Hit by Pitch
Devon Grant to second
Batting: RHB Blake Kelly 0-0: Grounds into double play, 6-4-3 (Groundball, 6, EV 77.5 MPH)
Top of the 6th over - 0 runs, 1 hit, 0 errors, 1 left on base; Mahoning Valley 2 - Los Angeles (NYP) 5
BOTTOM OF THE 6TH
Los Angeles (NYP) Angels batting - Pitching for Mahoning Valley Scrappers : RHP Jeff Degel
Batting: RHB Zach Robbins 0-0: Called Strike
0-1: Foul Ball, location: 2F
0-2: Foul Ball, location: 2F
0-2: Ground out U3 (Groundball, 34, EV 102.5 MPH)
Batting: RHB Randy Grewe 0-0: Called Strike
0-1: Called Strike
0-2: Hit by Pitch
Pitching: LHP J.J. Adkins
Batting: RHB Jeff Long 0-0: Ball
1-0: Ball
2-0: Ball
3-0: Base on Balls
Randy Grewe to second
Batting: RHB Jon Griffin 0-0: Called Strike
0-1: Swinging Strike
0-2: Ball
1-2: SINGLE (Line Drive, 9LS, EV 111.2 MPH)
Randy Grewe to third
Jeff Long to second
Batting: RHB John Beddow 0-0: Swinging Strike
0-1: Ball
1-1: Ball
Passed Ball!
Randy Grewe scores
Jeff Long to third
Jon Griffin to second
2-1: SINGLE (Groundball, 56D, EV 100.6 MPH)
Jeff Long scores
Jon Griffin to third
Runner from 3rd tries for Home, SAFE, throw by LF to home
Batting: RHB Tsega Haida 0-0: Ball
1-0: 2-RUN HOME RUN (Flyball, 7D, EV 96.9 MPH), Distance : 399 ft
Pitching: RHP Tim bin Fadi
Batting: RHB Jason Habeck 0-0: Ball
1-0: Swinging Strike
1-1: Swinging Strike
1-2: Strikes out swinging
Batting: RHB Steve Hughey 0-0: SOLO HOME RUN (Flyball, 7D, EV 98.1 MPH), Distance : 394 ft
Batting: RHB David Kunze 0-0: SINGLE (Groundball, 56D, EV 100.6 MPH)
Batting: RHB Zach Robbins 0-0: Called Strike
0-1: Ball
1-1: Called Strike
1-2: Ball
Wild Pitch!
David Kunze to second
2-2: Strikes out swinging
Bottom of the 6th over - 6 runs, 5 hits, 0 errors, 1 left on base; Mahoning Valley 2 - Los Angeles (NYP) 11
TOP OF THE 7TH
Mahoning Valley Scrappers batting - Pitching for Los Angeles (NYP) Angels : LHP Alex Pulido
Batting: RHB Gashie Chimsima 0-0: Ball
1-0: Foul Ball, location: 2F
1-1: Ground out U3 (Groundball, 3S, EV 86.2 MPH)
Batting: RHB Tetsuhiro Taki 0-0: Swinging Strike
0-1: Fly out, F9 (Flyball, 9LM, EV 91.9 MPH)
Batting: LHB Tom Bemis 0-0: Ball
1-0: Foul Ball, location: 2F
1-1: Ball
2-1: Ball
3-1: DOUBLE (Groundball, 3L, EV 101.2 MPH)
Batting: RHB Ricky Cordova 0-0: Called Strike
0-1: Ball
1-1: Foul Ball, location: 2F
1-2: Strikes out swinging
Top of the 7th over - 0 runs, 1 hit, 0 errors, 1 left on base; Mahoning Valley 2 - Los Angeles (NYP) 11
BOTTOM OF THE 7TH
Los Angeles (NYP) Angels batting - Pitching for Mahoning Valley Scrappers : RHP Tim bin Fadi
Batting: RHB Randy Grewe 0-0: Called Strike
0-1: Called Strike
0-2: Strikes out swinging
Batting: RHB Jeff Long 0-0: Called Strike
0-1: Ball
1-1: Ground out 6-3 (Groundball, 6M, EV 103.8 MPH)
Batting: RHB Jon Griffin 0-0: Ball
1-0: Called Strike
1-1: Ball
2-1: Called Strike
2-2: Foul Ball, location: 2F
2-2: Fly out, F9 (Flyball, 9, EV 92.5 MPH)
Bottom of the 7th over - 0 runs, 0 hits, 0 errors, 0 left on base; Mahoning Valley 2 - Los Angeles (NYP) 11
TOP OF THE 8TH
Mahoning Valley Scrappers batting - Pitching for Los Angeles (NYP) Angels : LHP Alex Pulido
Batting: RHB Jeremy Givens 0-0: Called Strike
0-1: Reached on error, E5 (Groundball, 56, EV 81.9 MPH)
Batting: RHB Ryan Gautney 0-0: Ball
1-0: Called Strike
1-1: Swinging Strike
1-2: DOUBLE (Line Drive, 9LM, EV 108.8 MPH)
Jeremy Givens to third
Runner from 3rd tries for Home, SAFE, throw by RF to home
Batting: LHB Devon Grant 0-0: Ball
1-0: Ball
2-0: Swinging Strike
2-1: DOUBLE (Groundball, 5L, EV 96.2 MPH)
Ryan Gautney scores
Batting: RHB Andy Lewis 0-0: Ground out 6-3 (Groundball, 6, EV 85.6 MPH)
Devon Grant to third
Pitching: RHP Kevin Greene
Batting: RHB Blake Kelly 0-0: Ball
1-0: Ball
2-0: Swinging Strike
2-1: Foul Ball, location: 2F
2-2: Ball
3-2: Foul Ball, location: 2F
3-2: Foul Ball, location: 2F
3-2: Fly out, F6 (Flyball, 6D, EV 86.9 MPH)
Batting: RHB Gashie Chimsima 0-0: Swinging Strike
0-1: Called Strike
0-2: Ball
Wild Pitch!
Devon Grant scores
1-2: Ground out 4-3 (Groundball, 4, EV 100.6 MPH)
Top of the 8th over - 3 runs, 2 hits, 1 error, 0 left on base; Mahoning Valley 5 - Los Angeles (NYP) 11
BOTTOM OF THE 8TH
Los Angeles (NYP) Angels batting - Pitching for Mahoning Valley Scrappers : RHP Tim bin Fadi
Batting: RHB John Beddow 0-0: Ball
1-0: Ball
2-0: Foul Ball, location: 2F
2-1: Foul Ball, location: 2F
2-2: Fly out, F8 (Line Drive, 8RD, EV 91.9 MPH)
Batting: RHB Tsega Haida 0-0: Ball
1-0: Called Strike
1-1: Swinging Strike
1-2: Strikes out swinging
Batting: RHB Jason Habeck 0-0: Ball
1-0: DOUBLE (Line Drive, 78D, EV 102.5 MPH)
Batting: RHB Steve Hughey 0-0: Called Strike
0-1: Hit by Pitch
Batting: RHB David Kunze 0-0: Ball
1-0: Ball
2-0: Ball
3-0: Base on Balls
Jason Habeck to third
Steve Hughey to second
Batting: RHB Zach Robbins 0-0: Fly out, F8 (Flyball, 89D, EV 94.4 MPH)
Bottom of the 8th over - 0 runs, 1 hit, 0 errors, 3 left on base; Mahoning Valley 5 - Los Angeles (NYP) 11
TOP OF THE 9TH
Mahoning Valley Scrappers batting - Pitching for Los Angeles (NYP) Angels : RHP Kevin Greene
Batting: RHB Tetsuhiro Taki 0-0: Fly out, F8 (Flyball, 8RXD, EV 100.0 MPH)
Batting: LHB Tom Bemis 0-0: Ball
1-0: Ball
2-0: Ball
3-0: Base on Balls
Batting: RHB Ricky Cordova 0-0: SINGLE (Groundball, 5D, EV 100.0 MPH)
Tom Bemis to second
Batting: RHB Jeremy Givens 0-0: Swinging Strike
0-1: Ball
1-1: Fly out, F4 (Popup, 34S, EV 77.5 MPH)
Batting: RHB Ryan Gautney 0-0: Ball
1-0: Ball
2-0: Fielders Choice at 2nd, U4 (Groundball, 4M, EV 87.5 MPH)
Top of the 9th over - 0 runs, 1 hit, 0 errors, 2 left on base; Mahoning Valley 5 - Los Angeles (NYP) 11
Thursday, March 31st , 2022 - OOTP Baseball 22.12 Build 89